 Dungeon Crawl Stone Soup version 0.17.1-3-g152610e (webtiles) character file.

48 Nekros the Magician (level 3, -3/19 HPs)
             Began as a Deep Elf Wizard on Apr 29, 2016.
             Slain by a gnoll
             ... wielding a +1 halberd of flaming
              (7 damage)
             ... on level 2 of the Dungeon.
             The game lasted 00:11:59 (1287 turns).

Nekros the Magician (Deep Elf Wizard)               Turns: 1287, Time: 00:12:15

Health: -3/19      AC:  3    Str:  4    XL:     3   Next: 50%
Magic:  10/12      EV: 12    Int: 23    God:
Gold:   82         SH:  0    Dex: 13    Spells: 3 memorised, 9 levels left

rFire  . . .     SeeInvis .     r - +1 dagger (venom)
rCold  . . .     Clarity  .     a - +0 robe
rNeg   . . .     SustAt   .     (no shield)
rPois  .         Gourm    .     b - +1 hat
rElec  .         Spirit   .     (no cloak)
rCorr  .         Warding  .     (no gloves)
rMut   .         Stasis   .     (no boots)
MR     .....                    (no amulet)
Stlth  ++........               (no ring)
                                (no ring)

@: not resistant to hostile enchantments, unstealthy
A: no striking features
a: no special abilities


You were on level 2 of the Dungeon.
You were not hungry.

You visited 1 branch of the dungeon, and saw 2 of its levels.

You collected 82 gold pieces.

Inventory:

Hand Weapons
 i - a +0 short sword
 r - a +1 dagger of venom (weapon)
Missiles
 q - 5 javelins (quivered)
Armour
 a - a +0 robe (worn)
 b - a +1 hat (worn)
Jewellery
 s - a cursed +5 ring of protection {unknown}
Scrolls
 f - a scroll of blinking
 k - 3 scrolls of enchant armour
 l - a scroll of amnesia
 m - 2 scrolls of fear {unknown}
 n - 4 scrolls of identify {unknown}
 p - a scroll of enchant weapon {unknown}
Potions
 e - 2 potions of lignification {unknown}
 j - 3 potions of might {unknown}
 o - 2 potions of curing {unknown}
 t - a potion of haste {unknown}
Books
 c - a book of Minor Magic

   Spells                             Type                      Level
   a - Magic Dart                     Conjuration                  1
   b - Blink                          Translocation                2
   c - Call Imp                       Summoning                    2
   d - Repel Missiles                 Charms/Air                   2
   e - Slow                           Hexes                        2
   f - Conjure Flame                  Conjuration/Fire             3
   g - Mephitic Cloud                 Conjuration/Poison/Air       3
Comestibles
 d - 2 bread rations
 g - a fruit
 h - a meat ration


   Skills:
 - Level 2.4 Dodging
 * Level 2.8 Stealth
 - Level 6.1 Spellcasting
 - Level 1.1 Conjurations
 - Level 1.1 Summonings
 - Level 1.1 Translocations


You had 9 spell levels left.
You knew the following spells:

 Your Spells              Type           Power        Failure   Level  Hunger
a - Magic Dart            Conj           ##..         6%          1    None
b - Blink                 Tloc           N/A          10%         2    None
c - Call Imp              Summ           ##......     10%         2    None


Dungeon Overview and Level Annotations

Branches:
Dungeon (2/15)

Altars:


Message History

You swap places.
You start resting.
Your white imp disappears in a puff of smoke!
Your magical contamination has completely faded away.
You start resting.
Your crimson imp disappears in a puff of smoke!
Your white imp disappears in a puff of smoke!
Magic restored.
You open the door. 2 hobgoblins and 2 gnolls come into view.
The gnoll shouts!
The hobgoblin shouts!
The hobgoblin shouts!
The gnoll shouts!
Found a plain deck of cards and a fruit.
Casting: Call Imp
Confirm with . or Enter, or press ? or * to list all spells.
You blink.
The gnoll hits you with a spear.
The gnoll hits you with a halberd of flaming!
Ouch! That really hurt!
* * * LOW HITPOINT WARNING * * *
The gnoll burns you!
You die...

#####.##############.#
#.................##.#
###...........#####.##.# ####
.##....[......#.# #.##.# #...
......#######.#.# #.##.# #.##
.##.#.# #...# #.##.# #.#
.##.#.#########.# ###.##.#####.#
............#######.........##.##
###.###.##...##%@g#......>.......
#..# #.....#.#ggg'ยง#............
#..###.##.#.##...#########.#####
#......###.####### #######.#
#..#.### ### #.......# ##..#...
#.####### .(..##### #.# ##.## #.#
#... #.#


You could see 2 gnolls and 2 hobgoblins.

Vanquished Creatures
  3 bats
  2 giant cockroaches (D:2)
  5 goblins
  5 hobgoblins
  2 jackals (D:2)
  4 kobolds
  A giant newt (D:1)
  2 rats
24 creatures vanquished.

Vanquished Creatures (collateral kills)
  3 adders (D:2)
  2 jackals (D:2)
  A kobold (D:2)
  A goblin (D:1)
  2 rats (D:2)
9 creatures vanquished.

Grand Total: 33 creatures vanquished

Notes
Turn   | Place    | Note
--------------------------------------------------------------
     0 | D:1      | Nekros the Deep Elf Wizard began the quest for the Orb.
     0 | D:1      | Reached XP level 1. HP: 10/10 MP: 7/7
   208 | D:1      | Reached skill level 5 in Spellcasting
   272 | D:1      | Reached XP level 2. HP: 15/15 MP: 2/10
   286 | D:1      | Learned a level 2 spell: Blink
   289 | D:1      | Learned a level 2 spell: Call Imp
   812 | D:2      | Reached XP level 3. HP: 19/19 MP: 3/12
   949 | D:2      | Reached skill level 6 in Spellcasting
  1287 | D:2      | Slain by a gnoll

Action                   || total
-------------------------++-------
Melee: Short sword       ||     4
       Dagger            ||     2
Throw: Javelin           ||    21
 Cast: Magic Dart        ||    34
       Call Imp          ||    12
       Blink             ||     2
  Use: Scroll            ||     6
  Eat: Fruit             ||     1
